 Dungeon Crawl Stone Soup version 0.28.0-53-g5a82cb258f (webtiles) character file.

Game seed: 15790458325668833972

158 Peloso the Covered (level 5, 0/47 HPs)
             Began as a Minotaur Fighter on May 31, 2022.
             Killed from afar by an orc wizard (5 damage)
             ... with a puff of flame
             ... on level 4 of the Dungeon.
             The game lasted 00:01:49 (1086 turns).

Peloso the Covered (Minotaur Fighter)               Turns: 1086, Time: 00:01:49

Health: 0/47       AC:  9    Str: 20    XL:     5   Next: 16%
Magic:  4/4        EV:  9    Int:  5    God:
Gold:   39         SH:  5    Dex: 12    Spells: 4/4 levels left

rFire   . . .      SeeInvis .   a - +0 long sword
rCold   . . .      Faith    .   c - +0 buckler
rNeg    . . .      Spirit   .   b - +0 scale mail
rPois   .          Reflect  .   (helmet restricted)
rElec   .          Harm     .   (no cloak)
rCorr   .          Rampage  .   (no gloves)
Will    .....                   j - +1 pair of boots
Stlth   ..........              (no amulet)
HPRegen 0.15/turn               (no ring)
MPRegen 0.09/turn               (no ring)

@: mighty
A: horns 2, retaliatory headbutt
a: no special abilities


You were on level 4 of the Dungeon.
You visited 1 branch of the dungeon, and saw 3 of its levels.

You collected 39 gold pieces.

Inventory:

Hand Weapons
 a - a +0 long sword (weapon)
Armour
 b - a +0 scale mail (worn)
 c - a +0 buckler (worn)
 j - a +1 pair of boots (worn)
Jewellery
 g - a ring of magical power
Scrolls
 e - a scroll of amnesia {unknown}
 f - a scroll of blinking {unknown}
 h - a scroll of fog {unknown}
 m - a scroll of torment {unknown}
Potions
 i - 2 potions of curing {unknown}
 k - a potion of mutation {unknown}
 l - 2 potions of invisibility {unknown}


   Skills:
 + Level 4.7 Fighting
 + Level 3.4 Long Blades
 + Level 4.9 Armour
 + Level 1.0 Dodging
 + Level 4.5 Shields


You had 4 spell levels left.
You didn't know any spells.
Your spell library contained the following spells:

 Spells                   Type           Power      Damage    Failure   Level
 Stone Arrow              Conj/Erth      0%         3d7       99%         3
 Animate Armour           Summ/Erth      0%         N/A       100%        4
 Lee's Rapid Deconstruct  Erth           0%         3d5*      100%        5
 Statue Form              Tmut/Erth      0%         N/A       100%        6


Dungeon Overview and Level Annotations

Branches:
Dungeon (2/15)

Altars:


Innate Abilities, Weirdness & Mutations

You have a pair of horns on your head.
You reflexively headbutt those who attack you in melee.


Message History

* * * LOW HITPOINT WARNING * * *
You slash the orc wizard!
The orc wizard is heavily wounded.
The orc wizard mumbles some strange words.
The orc wizard flickers and vanishes!
Deactivating autopickup; reactivate with Ctrl-A.
The orc wizard points at you and mumbles some strange words.
The magic dart hits you.
* * * LOW HITPOINT WARNING * * *
You slash the orc wizard!
You kill the orc wizard!
The orc barely misses you. Something hits you.
* * * LOW HITPOINT WARNING * * *
You have reached level 5!
You slash something! The orc hits you with a +0 whip.
* * * LOW HITPOINT WARNING * * *
Something hits you but does no damage.
Unknown command.
You miss something. The orc hits you with a +0 whip.
* * * LOW HITPOINT WARNING * * *
Something hits you but does no damage. The orc barely misses you.
Unknown command.
You completely miss something. Your headbutt misses something.
You block something's attack. The orc closely misses you.
You block something's attack.
Unknown command.
You miss something. Your headbutt misses something.
The orc hits you but does no damage. Something hits you but does no damage.
Unknown command.
You miss something. The orc hits you but does no damage.
Something hits you but does no damage.
You miss something. The orc hits you but does no damage.
You block something's attack. The orc hits you but does no damage.
Something hits you but does no damage.
You closely miss something. The orc hits you with a +0 whip.
* * * LOW HITPOINT WARNING * * *
You hear some strange, mumbled words.
A puff of flame appears from out of thin air!
The puff of flame hits you.
You die...

........#.......###
.....#...#.......#
.........#........
######.(#.#....)(
#........###
###....#....
#.#.###### #o){#
##@## ###


You could see an orc.

Vanquished Creatures
  An ogre (D:4)
  An orc wizard (D:4)
  An adder (D:4)
  2 dart slugs
  An orc (D:4)
  4 endoplasms
  2 giant cockroaches
  3 goblins (D:2)
  4 hobgoblins
  4 jackals (D:4)
  3 kobolds (D:2)
  A quokka (D:4)
  A ball python (D:4)
  2 rats (D:2)
30 creatures vanquished.

Notes
Turn   | Place    | Note
-------+----------+-------------------------------------------
     0 | D:1      | Peloso the Minotaur Fighter began the quest for the Orb.
     0 | D:1      | Reached XP level 1. HP: 19/19 MP: 0/0
     2 | D:1      | Got the Disquisition on Clay
   724 | D:2      | Reached XP level 2. HP: 27/27 MP: 1/1
  1025 | D:2      | You fall into a shaft and drop 2 floors!
  1042 | D:4      | Reached XP level 3. HP: 29/33 MP: 2/2
  1051 | D:4      | Noticed an ogre
  1073 | D:4      | Killed an ogre
  1074 | D:4      | Reached skill level 1 in Dodging
  1074 | D:4      | Reached XP level 4. HP: 14/41 MP: 3/3
  1080 | D:4      | Reached XP level 5. HP: 8/47 MP: 4/4
  1086 | D:4      | Killed from afar by an orc wizard

Illustrated notes

Levels and vault maps discovered:
D:1:      dpeg_arrival_boxorama, layout_basic, nrook_mini_backslash,
          wad_floor_pattern_1
D:2:      layout_loops_ring, wad_floor_pattern_2, grunt_ministairs_2,
          serial_bayou_pond_e
D:4:      layout_rooms

Skill      XL: |  1  2  3 |
---------------+----------+-----
Armour         | 4 |  4.9
Fighting       | 4 |  4.7
Shields        | 4 |  4.5
Long Blades    | 3 |  3.4
Dodging        | 1 |  1.0

Action                   |  1- 3 |  4- 6 || total
-------------------------+-------+-------++-------
Melee: Long sword        |    46 |    13 ||    59
       Headbutt          |     7 |       ||     7
  Use: Potion            |     2 |       ||     2
Armor: Scale mail        |    39 |    14 ||    53
Dodge: Dodged            |    35 |     5 ||    40
Block: Buckler           |    17 |     3 ||    20
